PL
BROOKLYN DODGERS @ CALIFORNIA OCEANLINERS
07/30/2021
 
TOP OF THE 1ST
Brooklyn Dodgers batting - Pitching for California Oceanliners : RHP Kuemon Hirata
Pitching: RHP Kuemon Hirata
Batting: LHB Ye Der 0-0: Ball
1-0: Bunt missed!
1-1: Foul Ball, location: 2F
1-2: Fly out, F6 (Popup, 6D)
Batting: LHB Rubén López 0-0: Called Strike
0-1: Ball
1-1: Swinging Strike
1-2: Ball
2-2: Fly out, F9 (Flyball, 8RM)
Batting: RHB Thom Wilcox 0-0: Ball
1-0: Ball
2-0: Ball
3-0: Called Strike
3-1: Foul Ball, location: 2F
3-2: Ground out 5-3 (Groundball, 5L)
Top of the 1st over - 0 run(s), 0 hit(s), 0 error(s), 0 left on base; Brooklyn 0 - California 0
BOTTOM OF THE 1ST
California Oceanliners batting - Pitching for Brooklyn Dodgers : LHP Todd Hines
Pitching: LHP Todd Hines
Batting: RHB Dan Mendoza 0-0: Swinging Strike
0-1: Ball
1-1: Ground out 5-3 (Groundball, 5)
Batting: RHB Bernardo Herrera 0-0: Ball
1-0: Ball
2-0: Ball
3-0: Called Strike
3-1: Foul Ball, location: 2F
3-2: Foul Ball, location: 2F
3-2: Ground out 5-3 (Groundball, 5D)
Batting: LHB Nick Leonard 0-0: Foul Ball, location: 2F
0-1: Ball
1-1: Foul Ball, location: 2F
1-2: Strikes out looking
Bottom of the 1st over - 0 run(s), 0 hit(s), 0 error(s), 0 left on base; Brooklyn 0 - California 0
TOP OF THE 2ND
Brooklyn Dodgers batting - Pitching for California Oceanliners : RHP Kuemon Hirata
Batting: LHB Ray Sears 0-0: Ground out 4-3 (Groundball, 4)
Batting: LHB Tony Dyer 0-0: Ball
1-0: Called Strike
1-1: Swinging Strike
1-2: Strikes out swinging
Batting: LHB Curt Webb 0-0: Called Strike
0-1: Ball
1-1: Swinging Strike
1-2: Strikes out swinging
Top of the 2nd over - 0 run(s), 0 hit(s), 0 error(s), 0 left on base; Brooklyn 0 - California 0
BOTTOM OF THE 2ND
California Oceanliners batting - Pitching for Brooklyn Dodgers : LHP Todd Hines
Batting: RHB Lawrence Bell 0-0: Ball
1-0: Foul Ball, location: 2F
1-1: Swinging Strike
1-2: Strikes out swinging
Batting: RHB Nathan Clay 0-0: Ball
1-0: Swinging Strike
1-1: Ball
2-1: Foul Ball, location: 2F
2-2: Foul Ball, location: 2F
2-2: Strikes out looking
Batting: RHB Adrian Barr 0-0: Foul Ball, location: 2F
0-1: Ball
1-1: Ground out 4-3 (Groundball, 4M)
Bottom of the 2nd over - 0 run(s), 0 hit(s), 0 error(s), 0 left on base; Brooklyn 0 - California 0
TOP OF THE 3RD
Brooklyn Dodgers batting - Pitching for California Oceanliners : RHP Kuemon Hirata
Batting: LHB Kelly Brown 0-0: Fly out, F7 (Flyball, 78S)
Batting: LHB Pancho García 0-0: Called Strike
0-1: Fly out, F8 (Flyball, 8RM)
Batting: RHB Sean Davis 0-0: Foul Ball, location: 2F
0-1: Ball
1-1: Ball
2-1: Ball
3-1: Base on Balls
Batting: LHB Ye Der 0-0: Ball
1-0: Ground out 4-3 (Groundball, 4)
Top of the 3rd over - 0 run(s), 0 hit(s), 0 error(s), 1 left on base; Brooklyn 0 - California 0
BOTTOM OF THE 3RD
California Oceanliners batting - Pitching for Brooklyn Dodgers : LHP Todd Hines
Batting: RHB Júlio Morín 0-0: Ball
1-0: Called Strike
1-1: Called Strike
1-2: Foul Ball, location: 2F
1-2: Ball
2-2: Ball
3-2: Foul Ball, location: 2F
3-2: Base on Balls
Batting: RHB Kurt Chappell 0-0: Swinging Strike
0-1: Foul Ball, location: 2F
0-2: Ball
1-2: Foul Ball, location: 2F
1-2: SINGLE (Line Drive, 6D)
Júlio Morín to second
Batting: RHB Billy Strauss 0-0: Ball
1-0: Ball
2-0: Fielders Choice at 2nd, 6-4 (Groundball, 56)
Júlio Morín to third
Batting: RHB Dan Mendoza 0-0: Ball
1-0: Fly out, F7 (Flyball, 8LM)
Runner from 3rd tags up, SCORES, no throw
Batting: RHB Bernardo Herrera 0-0: Ball
1-0: DOUBLE (Flyball, 8LXD)
Billy Strauss to third
Runner from 3rd tries for Home, SAFE, no throw or cutoff
Batting: LHB Nick Leonard 0-0: Called Strike
0-1: Ball
1-1: Ball
2-1: Ground out 6-3 (Groundball, 6M)
Bottom of the 3rd over - 2 run(s), 2 hit(s), 0 error(s), 1 left on base; Brooklyn 0 - California 2
TOP OF THE 4TH
Brooklyn Dodgers batting - Pitching for California Oceanliners : RHP Kuemon Hirata
Batting: LHB Rubén López 0-0: Fly out, F7 (Flyball, 7D)
Batting: RHB Thom Wilcox 0-0: Ball
1-0: Swinging Strike
1-1: Ball
2-1: Foul Ball, location: 2F
2-2: Ball
3-2: Base on Balls
Batting: LHB Ray Sears 0-0: SINGLE (Line Drive, 89S)
Thom Wilcox to second
Batting: LHB Tony Dyer 0-0: Ball
1-0: SINGLE (Groundball, 34)
Thom Wilcox to third
Ray Sears to second
Runner from 3rd tries for Home, SAFE, throw made home
Batting: LHB Curt Webb 0-0: Ball
Wild Pitch!
Ray Sears to third
Tony Dyer to second
1-0: Swinging Strike
1-1: Ball
2-1: Ball
3-1: Base on Balls
Batting: LHB Kelly Brown 0-0: Fielders Choice at 2nd, 4-6 (Groundball, 4M)
Ray Sears scores
Tony Dyer to third
Batting: LHB Pancho García 0-0: Ground out U3 (Groundball, 3)
Top of the 4th over - 2 run(s), 2 hit(s), 0 error(s), 2 left on base; Brooklyn 2 - California 2
BOTTOM OF THE 4TH
California Oceanliners batting - Pitching for Brooklyn Dodgers : LHP Todd Hines
Batting: RHB Lawrence Bell 0-0: Ball
1-0: Ball
2-0: Foul Ball, location: 2F
2-1: Foul Ball, location: 2F
2-2: Foul Ball, location: 2F
2-2: DOUBLE (Line Drive, 89M)
Pinch Runner at 2nd Joe Mueller:
Batting: RHB Nathan Clay 0-0: Foul Ball, location: 2F
0-1: Ball
Passed Ball!
Joe Mueller to third
1-1: Fly out, F8 (Line Drive, 8LM)
Runner from 3rd tags up, SCORES, throw made
Batting: RHB Adrian Barr 0-0: Ball
1-0: SINGLE (Groundball, 34D)
Batting: RHB Júlio Morín 0-0: Ball
1-0: Swinging Strike
1-1: Foul Ball, location: 2F
1-2: Foul Ball, location: 2F
1-2: Ball
2-2: Strikes out swinging
Batting: RHB Kurt Chappell 0-0: Swinging Strike
0-1: Ball
1-1: Ball
2-1: Ball
3-1: SINGLE (Line Drive, 4D)
Adrian Barr to second
Batting: RHB Billy Strauss 0-0: Ball
1-0: Called Strike
1-1: Ground out 5-3 (Groundball, 5S)
Bottom of the 4th over - 1 run(s), 3 hit(s), 0 error(s), 2 left on base; Brooklyn 2 - California 3
TOP OF THE 5TH
Brooklyn Dodgers batting - Pitching for California Oceanliners : RHP Kuemon Hirata
Batting: RHB Sean Davis 0-0: Called Strike
0-1: SINGLE (Flyball, 9S)
Batting: LHB Ye Der 0-0: Called Strike
0-1: Bunt - Flyout! F1
Batting: LHB Rubén López 0-0: Ball
1-0: Ball
2-0: Ball
3-0: Called Strike
3-1: Foul Ball, location: 2F
3-2: SINGLE (Groundball, 3)
Sean Davis to second
Throwing error, E9
Sean Davis scores
Rubén López to second
Batting: RHB Thom Wilcox 0-0: Called Strike
0-1: Swinging Strike
0-2: Foul Ball, location: 2F
0-2: Hit by Pitch
Batting: LHB Ray Sears 0-0: Ball
1-0: Ball
2-0: Ball
3-0: Base on Balls
Rubén López to third
Thom Wilcox to second
Batting: LHB Tony Dyer 0-0: Grounds into double play, 1-2-3 (Groundball, 13S)
Top of the 5th over - 1 run(s), 2 hit(s), 1 error(s), 2 left on base; Brooklyn 3 - California 3
BOTTOM OF THE 5TH
California Oceanliners batting - Pitching for Brooklyn Dodgers : LHP Todd Hines
Batting: RHB Dan Mendoza 0-0: Ball
1-0: Called Strike
1-1: Called Strike
1-2: Ground out 5-3 (Groundball, 56)
Batting: RHB Bernardo Herrera 0-0: Called Strike
0-1: Ball
1-1: Ground out 5-3 (Groundball, 5)
Batting: LHB Nick Leonard 0-0: Ball
1-0: SINGLE (Line Drive, 8LS)
Batting: SHB Joe Mueller 0-0: Ball
1-0: Ground out 5-3 (Groundball, 5)
Bottom of the 5th over - 0 run(s), 1 hit(s), 0 error(s), 1 left on base; Brooklyn 3 - California 3
TOP OF THE 6TH
Brooklyn Dodgers batting - Pitching for California Oceanliners : RHP Kuemon Hirata
Batting: LHB Curt Webb 0-0: Ball
1-0: DOUBLE (Line Drive, 8RXD)
Batting: LHB Kelly Brown 0-0: Called Strike
0-1: Ball
1-1: Fly out, F5 (Popup, 56S)
Batting: LHB Pancho García 0-0: SINGLE (Line Drive, 4M)
Curt Webb to third
Batting: RHB Sean Davis 0-0: Called Strike
0-1: Ball
1-1: Swinging Strike
1-2: Ball
2-2: Foul Ball, location: 2F
2-2: Foul Ball, location: 2F
2-2: Grounds into double play, 6-4-3 (Groundball, 6)
Top of the 6th over - 0 run(s), 2 hit(s), 0 error(s), 1 left on base; Brooklyn 3 - California 3
BOTTOM OF THE 6TH
California Oceanliners batting - Pitching for Brooklyn Dodgers : LHP Todd Hines
Batting: RHB Nathan Clay 0-0: Ball
1-0: Fly out, F8 (Flyball, 8RM)
Batting: RHB Adrian Barr 0-0: Ball
1-0: Foul Ball, location: 2F
1-1: DOUBLE (Groundball, 3D)
Batting: RHB Júlio Morín 0-0: Swinging Strike
0-1: Ball
1-1: SINGLE (Line Drive, 56)
Adrian Barr to third
Runner from 3rd tries for Home, throw and OUT!
Batting: RHB Kurt Chappell 0-0: Called Strike
0-1: Ball
1-1: Swinging Strike
1-2: Ball
2-2: Strikes out looking
Bottom of the 6th over - 0 run(s), 2 hit(s), 0 error(s), 1 left on base; Brooklyn 3 - California 3
TOP OF THE 7TH
Brooklyn Dodgers batting - Pitching for California Oceanliners : RHP Kuemon Hirata
Batting: LHB Ye Der 0-0: Called Strike
0-1: Ground out U3 (Groundball, 3S)
Batting: LHB Rubén López 0-0: Called Strike
0-1: Ball
1-1: Swinging Strike
1-2: Strikes out looking
Batting: RHB Thom Wilcox 0-0: Called Strike
0-1: SINGLE (Groundball, 13) (infield hit)
Batting: LHB Ray Sears 0-0: Ball
1-0: SINGLE (Groundball, 56)
Thom Wilcox to second
Batting: LHB Tony Dyer 0-0: Ball
1-0: Ground out 4-3 (Groundball, 13)
Top of the 7th over - 0 run(s), 2 hit(s), 0 error(s), 2 left on base; Brooklyn 3 - California 3
BOTTOM OF THE 7TH
California Oceanliners batting - Pitching for Brooklyn Dodgers : LHP Todd Hines
Batting: RHB Billy Strauss 0-0: Called Strike
0-1: Called Strike
0-2: Ball
1-2: Ball
2-2: Foul Ball, location: 2F
2-2: Strikes out swinging
Batting: RHB Dan Mendoza 0-0: Ball
1-0: Called Strike
1-1: Called Strike
1-2: Foul Ball, location: 2F
1-2: Ball
2-2: Foul Ball, location: 2F
2-2: Ball
3-2: Foul Ball, location: 2F
3-2: Strikes out swinging
Batting: RHB Bernardo Herrera 0-0: Fly out, F6 (Popup, 56D)
Bottom of the 7th over - 0 run(s), 0 hit(s), 0 error(s), 0 left on base; Brooklyn 3 - California 3
TOP OF THE 8TH
Brooklyn Dodgers batting - Pitching for California Oceanliners : RHP Kuemon Hirata
Batting: LHB Curt Webb 0-0: Foul Ball, location: 2F
0-1: Ball
1-1: Ground out 3-1 (Groundball, 34)
Batting: LHB Kelly Brown 0-0: Foul Ball, location: 2F
0-1: Ball
1-1: Ball
2-1: Called Strike
2-2: Strikes out swinging
Batting: LHB Pancho García 0-0: Foul Ball, location: 2F
0-1: Ball
1-1: Foul Ball, location: 2F
1-2: Foul Ball, location: 2F
1-2: DOUBLE (Line Drive, 5L)
Batting: RHB Sean Davis 0-0: Swinging Strike
0-1: Ball
1-1: Foul Ball, location: 2F
1-2: Strikes out swinging
Top of the 8th over - 0 run(s), 1 hit(s), 0 error(s), 1 left on base; Brooklyn 3 - California 3
BOTTOM OF THE 8TH
California Oceanliners batting - Pitching for Brooklyn Dodgers : LHP Todd Hines
Batting: LHB Nick Leonard 0-0: Ball
1-0: Called Strike
1-1: SINGLE (Line Drive, 89M)
Batting: SHB Joe Mueller 0-0: Foul Ball, location: 2F
0-1: Ball
1-1: Fly out, F8 (Popup, 4MD)
Batting: RHB Nathan Clay 0-0: Ball
1-0: Foul Ball, location: 2F
1-1: Called Strike
1-2: Ball
2-2: Foul Ball, location: 2F
2-2: Foul Ball, location: 2F
2-2: Ball
3-2: Base on Balls
Nick Leonard to second
Pitching: RHP Ted Locke
Batting: RHB Adrian Barr 0-0: Foul Ball, location: 2F
0-1: Foul Ball, location: 2F
0-2: Ball
1-2: Strikes out swinging
Batting: RHB Júlio Morín 0-0: Foul Ball, location: 2F
0-1: Ball
1-1: Foul Ball, location: 2F
1-2: Ball
2-2: Ground out 4-3 (Groundball, 34)
Bottom of the 8th over - 0 run(s), 1 hit(s), 0 error(s), 2 left on base; Brooklyn 3 - California 3
TOP OF THE 9TH
Brooklyn Dodgers batting - Pitching for California Oceanliners : RHP Kuemon Hirata
Batting: LHB Ye Der 0-0: Swinging Strike
0-1: Ball
1-1: Foul Ball, location: 2F
1-2: Foul Ball, location: 2F
1-2: Ball
2-2: Foul Ball, location: 2F
2-2: Ball
3-2: Foul Ball, location: 2F
3-2: Foul Ball, location: 2F
3-2: Base on Balls
Pitching: RHP Ole Kos
Batting: LHB Rubén López 0-0: Ball
1-0: Bunted foul
1-1: Sac Bunt - play at second, runner OUT! 1-6
Batting: RHB Thom Wilcox 0-0: Ball
1-0: Foul Ball, location: 2F
1-1: Ball
2-1: Ball
3-1: Base on Balls
Rubén López to second
Batting: LHB Ray Sears 0-0: Called Strike
0-1: SINGLE (Line Drive, 8LS)
Rubén López to third
Thom Wilcox to second
Runner from 3rd tries for Home, throw and OUT!
Batting: LHB Tony Dyer 0-0: Ball
1-0: Called Strike
1-1: Ball
2-1: Ground out 4-3 (Groundball, 4)
Top of the 9th over - 0 run(s), 1 hit(s), 0 error(s), 2 left on base; Brooklyn 3 - California 3
BOTTOM OF THE 9TH
California Oceanliners batting - Pitching for Brooklyn Dodgers : RHP Ted Locke
Batting: RHB Kurt Chappell 0-0: Called Strike
0-1: Ball
1-1: Ball
2-1: Called Strike
2-2: Strikes out swinging
Batting: RHB Billy Strauss 0-0: Ball
1-0: SINGLE (Groundball, 6MD)
Batting: RHB Dan Mendoza 0-0: Called Strike
Billy Strauss steals 2nd base
0-1: Ball
1-1: Called Strike
1-2: Ball
2-2: Ground out 6-3 (Groundball, 6)
Billy Strauss to third
Batting: RHB Bernardo Herrera 0-0: Ground out 5-3 (Groundball, 5S)
Bottom of the 9th over - 0 run(s), 1 hit(s), 0 error(s), 1 left on base; Brooklyn 3 - California 3
TOP OF THE 10TH
Brooklyn Dodgers batting - Pitching for California Oceanliners : RHP Ole Kos
Batting: LHB Curt Webb 0-0: Ball
1-0: Swinging Strike
1-1: Foul Ball, location: 2F
1-2: SOLO HOME RUN (Flyball, 9LD), Distance : 328 ft
Batting: LHB Kelly Brown 0-0: Ball
1-0: Fly out, F7 (Flyball, 7LS)
Batting: LHB Pancho García 0-0: Ball
1-0: Ball
2-0: Called Strike
2-1: Fly out, F7 (Flyball, 7LMF)
Batting: RHB Sean Davis 0-0: SINGLE (Groundball, 34S)
Batting: LHB Ye Der 0-0: Ball
1-0: Ball
2-0: Foul Ball, location: 2F
2-1: Ball
3-1: Ground out 4-3 (Groundball, 4)
Top of the 10th over - 1 run(s), 2 hit(s), 0 error(s), 1 left on base; Brooklyn 4 - California 3
BOTTOM OF THE 10TH
California Oceanliners batting - Pitching for Brooklyn Dodgers : RHP Ted Locke
Pitching: RHP José Ramos
Batting: LHB Nick Leonard 0-0: Fly out, F7 (Flyball, 7LM)
Batting: SHB Joe Mueller 0-0: Called Strike
0-1: Foul Ball, location: 2F
0-2: Ball
1-2: Ball
2-2: Foul Ball, location: 2F
2-2: Fly out, F7 (Flyball, 8LM)
Pinch Hitting: LHB George Valentine 0-0: Swinging Strike
0-1: Ball
1-1: Foul Ball, location: 2F
1-2: Strikes out swinging
Bottom of the 10th over - 0 run(s), 0 hit(s), 0 error(s), 0 left on base; Brooklyn 4 - California 3
This league is powered by Out of the Park Baseball, the baseball management simulation game for PC, Mac and Linux
Friday, January 22nd, 2016 - OOTP Baseball 16.9 Build 39